 Dungeon Crawl Stone Soup version 0.30.0-30-g96aa6591b8 (webtiles) character file.

Game seed: 14593498618896330755

217 cdecastro the Grasshopper (level 5, -2/43 HPs)
             Began as an Armataur Warper on June 26, 2023.
             Slain by a gnoll
             ... wielding a +0 spear
              (13 damage)
             ... on level 3 of the Dungeon.
             The game lasted 00:06:14 (2856 turns).

cdecastro the Grasshopper (Armataur Warper)         Turns: 2856, Time: 00:06:15

Health: -2/43      AC:  4    Str: 16    XL:     5   Next: 62%
Magic:  7/7        EV:  9    Int: 13    God:
Gold:   43         SH:  0    Dex: 12    Spells: 3/7 levels left

rFire   . . .        a - +0 falchion
rCold   . . .        (no shield)
rNeg    . . .        b - +0 leather armour
rPois   .            (no helmet)
rElec   .            (no cloak)
rCorr   +            (no gloves)
SInv    .            (no barding)
Will    .....        l - amulet of regeneration
Stlth   +            u - ring of resist corrosion
HPRegen 1.07/turn    (no ring)
MPRegen 0.10/turn

%: roll
@: no status effects
A: large, rugged brown scales 3, deformed body, armoured tail, roll, long
tongue, awkward tongue
a: no special abilities


You were on level 3 of the Dungeon.
You visited 1 branch of the dungeon, and saw 3 of its levels.

You collected 98 gold pieces.
You spent 55 gold pieces at shops.

Inventory:

Hand Weapons
 a - a +0 falchion (weapon)
Missiles
 d - 6 boomerangs of dispersal (quivered)
 p - 3 poisoned darts
Armour
 b - a +0 leather armour (worn)
 v - a +0 scale mail
Jewellery
 l - an amulet of regeneration (around neck)
 u - a ring of resist corrosion (left hand)
Scrolls
 e - 2 scrolls of teleportation {unknown}
 i - a scroll of immolation {unknown}
 k - a scroll of noise {unknown}
 m - a scroll of fog {unknown}
 q - 2 scrolls of identify {unknown}
 r - a scroll of blinking
 t - a scroll of poison {unknown}
Potions
 c - a potion of flight {unknown}
 f - a potion of invisibility {unknown}
 g - 2 potions of heal wounds
 h - 2 potions of might {unknown}
 j - 2 potions of curing {unknown}
 n - a potion of attraction {unknown}
 o - a potion of ambrosia {unknown}
 s - a potion of haste {unknown}


   Skills:
 - Level 1.7 Fighting
 + Level 4.0 Long Blades
 - Level 0.8 Throwing
 - Level 1.2 Armour
 - Level 1.3 Dodging
 - Level 1.7 Spellcasting
 + Level 5.0 Translocations


You had 3 spell levels left.
You knew the following spells:

 Your Spells              Type           Power      Damage    Failure   Level
a - Blink                 Tloc           28%        N/A       6%          2
b - Lesser Beckoning      Tloc           28%        N/A       6%          2

Your spell library contained the following spells:

 Spells                   Type           Power      Damage    Failure   Level
 Teleport Other           Tloc           14%        N/A       12%         3
 Beastly Appendage        Tmut           2%         N/A       32%         1
 Vhi's Electric Charge    Tloc/Air       14%        N/A       34%         3
 Ensorcelled Hibernation  Hex/Ice        2%         N/A       43%         2
 Wereblood                Tmut           1%         N/A       43%         2
 Spider Form              Tmut/Pois      1%         N/A       67%         3
 Manifold Assault         Tloc           14%        N/A       38%         4
 Anguish                  Hex/Necr       0%         N/A       97%         4


Dungeon Overview and Level Annotations

Branches:
Dungeon (3/15)

Altars:

Shops:
D:3 !


Innate Abilities, Weirdness & Mutations

You are completely covered in rugged brown scales. (AC +3, +7% HP)
Armour fits poorly on your strangely shaped body.
You have a long armoured tail.
You roll when moving toward enemies. (Rampage)
Your long tongue fully drains potion bottles. (2x potion effects)
Your tongue gives you trouble enunciating. (1.5x scroll delay)


Message History

You barely miss the gnoll.
The gnoll is moderately wounded.
The gnoll goes berserk!
The gnoll closely misses you.
You closely miss the gnoll.
The gnoll is lightly wounded.
The gnoll hits you with a +0 spear. The gnoll closely misses you.
You closely miss the gnoll.
The gnoll is lightly wounded.
The gnoll barely misses you.
You hit the gnoll.
The gnoll is moderately wounded.
The gnoll hits you but does no damage. The gnoll hits you with a +0 spear!
You hit the gnoll but do no damage.
The gnoll is moderately wounded.
The gnoll hits you with a +0 spear. The gnoll hits you with a +0 spear!
* * * LOW HITPOINT WARNING * * *
You hit the gnoll.
The gnoll is heavily wounded.
The gnoll hits you with a +0 spear!
* * * LOW HITPOINT WARNING * * *
You closely miss the gnoll.
The gnoll is heavily wounded.
The gnoll barely misses you. The gnoll hits you with a +0 spear.
* * * LOW HITPOINT WARNING * * *
You hit the gnoll but do no damage.
The gnoll is heavily wounded.
The gnoll hits you with a +0 spear!
* * * LOW HITPOINT WARNING * * *
The gnoll closely misses you.
Throw: 7 boomerangs (disperse)
Press: ? - help, Q - select action, (/) - cycle Shift-Dir - straight line, f - gnoll
Aim: a gnoll, wielding a +0 spear and wearing an orb of wrath (heavily wounded, berserk, 60% to hit)
You throw a boomerang of dispersal.
The boomerang of dispersal hits the gnoll and shatters for extra damage.
The gnoll blinks!
The gnoll is heavily wounded.
Okay, then.
Unknown command.
The gnoll hits you from afar with a +0 spear!
You die...

.#...####................##
.##.######.......####.#.##
.......# ##.....## #.###
.#####.# ##...## #.# .# #.#
##'## #.# .### #.# #.# #.#
...# #)# #.# #.# ##.###<#
##.#######.# .......##
##....@.....#
........###.....#######
##.#.....###..g.#
##........###.#.#
##........###.#.##
###.......g......# #
##.....####.#.## #####...##
#.### ......### #.#


You could see a gnoll (berserk).

Vanquished Creatures
  A hound (D:3)
  Natasha (D:3)
  5 gnolls
  6 adders
  A worm (D:2)
  3 dart slugs (D:1)
  An orc (D:3)
  7 endoplasms
  3 goblins
  3 hobgoblins
  2 jackals (D:1)
  4 kobolds
  2 quokkas
  4 ball pythons
  6 bats
  3 frilled lizards
  9 rats
61 creatures vanquished.

Notes
Turn   | Place    | Note
-------+----------+-------------------------------------------
     0 | D:1      | cdecastro the Armataur Warper began the quest for the Orb.
     0 | D:1      | Reached XP level 1. HP: 18/18 MP: 3/3
   122 | D:1      | Reached XP level 2. HP: 17/25 MP: 4/4
   754 | D:2      | Reached XP level 3. HP: 31/31 MP: 5/5
  1045 | D:2      | Reached skill level 4 in Translocations
  1110 | D:2      | Reached XP level 4. HP: 38/38 MP: 6/6
  1333 | D:2      | Learned a level 2 spell: Blink
  1336 | D:2      | Learned a level 2 spell: Lesser Beckoning
  1893 | D:3      | Found Pakes's Distillery.
  1902 | D:3      | Bought a potion of heal wounds for 55 gold pieces
  2185 | D:3      | Reached XP level 5. HP: 35/43 MP: 7/7
  2586 | D:3      | Noticed Natasha
  2601 | D:3      | Killed Natasha
  2822 | D:3      | Reached skill level 5 in Translocations
  2856 | D:3      | Slain by a gnoll

Illustrated notes

Levels and vault maps discovered:
D:1:      spicycebolla_arrival_ecumenical, layout_loops_ring
D:2:      layout_basic
D:3:      layout_loops_corners, serial_shops, shop_fountains,
          grunt_ministairs_1, uniq_natasha

Skill      XL: |  1  2  3  4  5 |
---------------+----------------+-----
Long Blades    | 2 3 4 |  4.0
Translocations | 4 5 |  5.0
Fighting       | |  1.7
Throwing       | |  0.8
Armour         | |  1.2
Dodging        | |  1.3
Spellcasting   | |  1.7

Action                     |  1- 3 |  4- 6 || total
---------------------------+-------+-------++-------
  Melee: Falchion          |   117 |   115 ||   232
         Tailslap          |    12 |     9 ||    21
  Throw: Boomerang         |       |     1 ||     1
    Use: Scroll            |     1 |       ||     1
   Stab: Sleeping          |     1 |       ||     1
 Armour: Leather armour    |    56 |    32 ||    88
  Dodge: Dodged            |    59 |    54 ||   113
